 Dungeon Crawl Stone Soup version 0.19-a0-664-g51fd293 (webtiles) character file.

55500 LORDOFBUTT the Stickfighter (level 14, -8/190 HPs)
             Began as a Minotaur Berserker on June 15, 2016.
             Was a High Priest of Trog.
             Killed by the raging water
             ... invoked by a water nymph
              (30 damage)
             ... on level 1 of the Shoals.
             The game lasted 00:34:47 (15195 turns).

LORDOFBUTT the Stickfighter (Minotaur Berserker)   Turns: 15195, Time: 00:34:47

Health: -8/190     AC: 23    Str: 29    XL:     14   Next: 38%
Magic:  10/10      EV: 19    Int:  4    God:    Trog [*****.]
Gold:   1989       SH:  4    Dex: 19    Spells: 0 memorised, 13 levels left

rFire  . . .     SeeInvis .     x - +7 war axe "Ujearoukh" {venom, +Rage rElec MR- Stlth+}
rCold  . . .     Gourm    .     J - +1 chain mail of the Bruised Mice {rN+ MP-9 Dex+3 Stlth+}
rNeg   + . .     Faith    .     (no shield)
rPois  .         Spirit   .     (helmet restricted)
rElec  +         Dismiss  .     k - +2 cloak
rCorr  +         Reflect  +     K - +1 pair of gloves {Str+3}
SustAt .         Harm     .     w - +2 pair of boots
MR     .....                    g - +4 amulet of reflection
Stlth  ..........               u - ring of resist corrosion
                                e - +3 ring of evasion

@: berserking, very quick, not resistant to hostile enchantments, extremely
unstealthy
A: retaliatory headbutt, horns 2
a: Berserk, Trog's Hand, Brothers in Arms, Burn Spellbooks, Renounce Religion,
Evoke Berserk Rage


You were on level 1 of the Shoals.
You worshipped Trog.
Trog was extremely pleased with you.
You were not hungry.

You visited 4 branches of the dungeon, and saw 20 of its levels.
You also visited: Bailey.

You collected 2115 gold pieces.
You spent 126 gold pieces at shops.

Inventory:

Hand Weapons
 x - the +7 war axe "Ujearoukh" (weapon) {venom, +Rage rElec MR- Stlth+}
   (Trog gifted it to you on level 2 of the Orcish Mines)

   It poisons the flesh of those it strikes.
   It insulates you from electricity.
   It affects your resistance to hostile enchantments.
   It lets you go berserk.
   It makes you more stealthy.
 F - the +8 long sword "Cetew" {drain, rElec rPois rC- MR++ Dex+2}
   (You found it on level 9 of the Dungeon)

   A truly terrible weapon, it drains the life of those it strikes.
   It affects your dexterity (+2).
   It makes you vulnerable to cold.
   It insulates you from electricity.
   It protects you from poison.
   It affects your resistance to hostile enchantments.
 I - the +10 quarterstaff of Fury {freeze, rF+}
   (Trog gifted it to you on level 9 of the Dungeon)

   It has been specially enchanted to freeze those struck by it, causing extra
   injury to most foes and up to half again as much damage against particularly
   susceptible opponents.
   It can also slow down cold-blooded creatures.
   It protects you from fire.
Armour
 k - a +2 cloak (worn)
 s - a +1 chain mail
 w - a +2 pair of boots (worn)
 J - the +1 chain mail of the Bruised Mice (worn) {rN+ MP-9 Dex+3 Stlth+}
   (You found it on level 2 of the Lair of Beasts)

   It affects your dexterity (+3).
   It protects you from negative energy.
   It affects your magic capacity (-9).
   It makes you more stealthy.
 K - a +1 pair of gloves of strength (worn)
Jewellery
 e - a +3 ring of evasion (left hand)
 g - a +4 amulet of reflection (around neck)
 u - a ring of resist corrosion (right hand)
 M - an uncursed ring of protection from magic
Wands
 n - a wand of flame (22/48)
 p - a wand of lightning (6/15)
 q - a wand of iceblast (10/15)
 A - a wand of disintegration (24/24)
 G - a wand of polymorph (10/24)
 V - a wand of acid (10/15)
Scrolls
 b - a scroll of identify
 f - 11 scrolls of remove curse
 h - a scroll of enchant weapon
 i - 2 scrolls of recharging
 j - 2 scrolls of teleportation
 r - 5 scrolls of magic mapping
 U - 2 scrolls of blinking
 X - a scroll of fog
Potions
 a - a potion of cure mutation
 d - 9 potions of heal wounds
 l - 9 potions of curing
 m - 3 potions of berserk rage
 o - 2 potions of haste
 v - 2 potions of brilliance
 z - 3 potions of flight
 B - 2 potions of magic
 E - 4 potions of might
 N - 2 potions of resistance
 W - a potion of agility
Books
 t - a book of the Warp

   Spells                             Type                      Level
   a - Recall                         Summoning/Translocation      3
   b - Gell's Gravitas                Hexes/Translocation          3
   c - Force Lance                    Conjuration/Translocation    4
   d - Warp Weapon                    Charms/Translocation         5
   e - Summon Forest                  Summoning/Translocation      5
   Trog disapproves of the use of such an item.
 D - a Young Poisoner's Handbook

   Spells                             Type                      Level
   a - Sting                          Conjuration/Poison           1
   b - Cure Poison                    Poison                       2
   c - Mephitic Cloud                 Conjuration/Poison/Air       3
   d - Olgreb's Toxic Radiance        Poison                       4
   e - Venom Bolt                     Conjuration/Poison           5
   Trog disapproves of the use of such an item.
 O - a book of Battle

   Spells                             Type                      Level
   a - Infusion                       Charms                       1
   b - Shroud of Golubria             Charms/Translocation         2
   c - Song of Slaying                Charms                       2
   d - Spectral Weapon                Hexes/Charms                 3
   e - Regeneration                   Charms/Necromancy            3
   Trog disapproves of the use of such an item.
 R - a book of the Earth

   Spells                             Type                      Level
   a - Leda's Liquefaction            Hexes/Earth                  4
   b - Bolt of Magma                  Conjuration/Fire/Earth       5
   c - Statue Form                    Transmutation/Earth          6
   d - Iron Shot                      Conjuration/Earth            6
   e - Shatter                        Earth                        9
   Trog disapproves of the use of such an item.
 Y - a Fen Folio

   Spells                             Type                      Level
   a - Corpse Rot                     Necromancy                   2
   b - Stone Arrow                    Conjuration/Earth            3
   c - Leda's Liquefaction            Hexes/Earth                  4
   d - Summon Forest                  Summoning/Translocation      5
   e - Hydra Form                     Transmutation                6
   f - Summon Hydra                   Summoning                    7
   Trog disapproves of the use of such an item.
Miscellaneous
 y - a lamp of fire
Comestibles
 c - 5 bread rations
 H - 8 fruits


   Skills:
 + Level 12.7 Fighting
 - Level 5.0 Long Blades
 * Level 10.3 Axes
 - Level 15.7 Staves
 + Level 12.7 Armour
 + Level 9.3 Dodging
 - Level 0.1 Stealth
 * Level 9.1 Evocations


You had 13 spell levels left.
You didn't know any spells.

Dungeon Overview and Level Annotations

Branches:
Dungeon (11/15)            Temple (0/1) D:4            Lair (6/6) D:9
 Shoals (1/4) Lair:3       Spider (0/4) Lair:3        Slime (0/5) Lair:6
    Orc (2/2) D:9             Elf (0/3) Orc:2

Altars:
Ashenzari
Elyvilon
Okawaru
Pakellas
Zin
Beogh

Shops:
Orc:2 [*(:(   Shoals:1 *


Innate Abilities, Weirdness & Mutations

You reflexively headbutt those who attack you in melee.
You have a pair of horns on your head.


Message History

The water nymph is moderately wounded.
You slash the merfolk aquamancer!
The merfolk aquamancer looks even sicker.
The merfolk aquamancer is moderately wounded.
You gasp with relief as air once again reaches your lungs.
The merfolk impaler hits you from afar with a trident.
The water elemental moves out of view.
The water nymph gestures at you while chanting.
The water swirls and strikes you!
* * * LOW HITPOINT WARNING * * *
Your unstable footing causes you to fumble your attack.
The merfolk aquamancer misses you. You furiously retaliate!
You headbutt the merfolk aquamancer.
The merfolk impaler hits you from afar with a trident!
* * * LOW HITPOINT WARNING * * *
The merfolk aquamancer closely misses you.
You furiously retaliate!
You headbutt the merfolk aquamancer!! The water nymph casts a spell at you.
The water swirls and strikes you!
You die...

≈≈≈≈≈≈........≈≈.....≈≈≈≈≈≈
≈≈≈≈>...##.....####≈≈≈≈≈≈
≈≈≈≈..≈..##....## #≈≈..≈≈
≈≈≈≈≈≈≈≈........##..≈≈≈≈≈
≈≈≈≈≈≈............m≈≈≈...
≈≈≈≈.....≈......^...$....
≈≈≈≈≈..≈≈≈≈†........≈....
≈≈≈≈≈.≈≈≈≈≈≈≈≈.≈≈........
≈≈≈≈≈≈≈≈≈.≈.≈m@m≈≈.......
≈≈≈≈≈≈≈≈≈≈S≈≈mmm.....≈..
≈...≈≈≈≈≈≈#m#≈m≈....≈..
#...≈≈≈#≈≈≈≈≈#........
#....≈≈≈≈≈≈≈≈........≈
.#...≈≈≈...#.....
...≈≈≈≈≈......≈ ..≈≈≈≈≈≈≈..
...


You could see a merfolk impaler, a sea snake, 3 merfolk aquamancers, a siren and
3 water nymphs.

Vanquished Creatures
  Rupert (Lair:6)
  An orc warlord (Orc:2)
  A catoblepas (Lair:6)
  7 hydras
  Urug (Orc:2)
  3 death yaks (Lair:6)
  An orc high priest (Orc:2)
  An unseen horror (D:10)
  A sea snake (Shoals:1)
  3 orc knights
  2 hill giants (D:10)
  4 orc sorcerers
  2 oklob plants (Lair:6)
  4 griffons
  2 manticores
  11 elephants
  A siren (Shoals:1)
  A black mamba (Lair:2)
  11 spiny frogs
  A gargoyle (D:10)
  2 rime drakes
  6 komodo dragons
  A jumping spider (Lair:3)
  4 trolls
  A two-headed ogre (D:8)
  Grinder (D:3)
  20 blink frogs
  2 boulder beetles (Lair:6)
  A wraith (D:10)
  A redback (Lair:3)
  A water elemental (Shoals:1)
  2 wyverns
  A human (D:7)
  17 yaks
  3 basilisks
  4 hippogriffs
  A hog (D:7)
  2 hungry ghosts
  Menkaure (D:7)
  A steam dragon (Lair:6)
  2 wargs (D:9)
  12 water moccasins
  Duvessa (D:6)
  A sky beast (D:10)
  17 porcupines
  4 black bears
  33 orc warriors
  3 ice beasts
  3 phantoms
  14 ogres
  28 wolves
  3 centaurs
  10 crocodiles
  A big kobold (D:10)
  12 giant frogs
  2 gnoll sergeants
  Dowan (D:6)
  3 scorpions
  5 killer bees (D:10)
  3 wights (D:6)
  A howler monkey (D:4)
  4 crimson imps
  A giant frog zombie (D:5)
  A quasit (D:8)
  A wasp zombie (D:11)
  5 hounds
  A jelly (D:8)
  3 giant frog skeletons
  11 orc priests
  23 orc wizards
  3 iguanas
  6 worker ants
  17 sheep
  A hound skeleton (D:5)
  2 worker ant zombies (D:9)
  Robin (D:4)
  15 gnolls
  A howler monkey skeleton (D:7)
  31 river rats
  7 adders
  2 shadow imps
  3 oozes
  An adder zombie (D:8)
  2 adder skeletons
  2 worms
  A dart slug (D:4)
  3 giant geckos
  64 orcs
  2 ball pythons
  6 giant cockroaches
  16 goblins
  9 hobgoblins
  16 jackals
  11 kobolds
  7 quokkas
  9 bats
  A giant gecko zombie (D:5)
  3 giant newts
  2 quokka skeletons
  7 rats
  2 fungi (Lair:6)
593 creatures vanquished.

Vanquished Creatures (others)
  A bush (Lair:2)
  6 fungi
  9 plants
16 creatures vanquished.

Grand Total: 609 creatures vanquished

Notes
Turn   | Place    | Note
--------------------------------------------------------------
     0 | D:1      | LORDOFBUTT the Minotaur Berserker began the quest for the Orb.
     0 | D:1      | Reached XP level 1. HP: 19/19 MP: 0/0
    81 | D:1      | Reached XP level 2. HP: 20/27 MP: 1/1
   361 | D:1      | Reached XP level 3. HP: 33/33 MP: 2/2
   398 | D:1      | Reached ** piety under Trog
  1294 | D:3      | Noticed Grinder
  1305 | D:3      | Killed Grinder
  1305 | D:3      | Reached skill level 5 in Fighting
  1305 | D:3      | Reached skill level 5 in Axes
  1305 | D:3      | Reached XP level 4. HP: 16/42 MP: 3/3
  1305 | D:3      | Reached XP level 5. HP: 18/48 MP: 4/4
  1388 | D:3      | Reached XP level 6. HP: 37/56 MP: 5/5
  1493 | D:3      | Found an oddly glowing altar of Pakellas.
  1806 | D:4      | Noticed Robin
  1814 | D:4      | Reached *** piety under Trog
  1818 | D:4      | Reached skill level 1 in Staves
  1821 | D:4      | Killed Robin
  1845 | D:4      | Reached skill level 2 in Staves
  1892 | D:4      | Found a glowing silver altar of Zin.
  1997 | D:4      | Reached skill level 5 in Dodging
  1999 | D:4      | Reached XP level 7. HP: 38/62 MP: 6/6
  2141 | D:4      | Found an iron altar of Okawaru.
  2215 | D:4      | Found a staircase to the Ecumenical Temple.
  2345 | D:4      | Reached skill level 3 in Staves
  2365 | D:4      | Gained mutation: You are partially covered in slimy green scales. (AC +2) [potion of beneficial mutation]
  2380 | D:5      | Entered Level 5 of the Dungeon
  2387 | D:5      | Reached **** piety under Trog
  2395 | D:5      | Reached skill level 4 in Staves
  2971 | D:6      | Reached skill level 5 in Staves
  2971 | D:6      | Reached XP level 8. HP: 40/71 MP: 7/7
  3037 | D:6      | Noticed Duvessa
  3038 | D:6      | Noticed Dowan
  3042 | D:6      | Killed Duvessa
  3042 | D:6      | Reached skill level 1 in Evocations
  3044 | D:6      | Killed Dowan
  3044 | D:6      | Reached skill level 5 in Armour
  3802 | D:7      | Noticed Menkaure
  3808 | D:7      | Killed Menkaure
  3896 | D:7      | Reached XP level 9. HP: 78/81 MP: 9/9
  3921 | D:7      | Found a white marble altar of Elyvilon.
  3952 | D:7      | Found a shattered altar of Ashenzari.
  4045 | D:7      | Gained mutation: Your mind is acute. (Int +2) [potion of mutation]
  4045 | D:7      | Lost mutation: Your mind is acute. (Int +2) [potion of mutation]
  4219 | D:8      | Found a flagged portal.
  4229 | D:8      | Got a faintly glowing hand axe
  4230 | D:8      | Identified the cursed +2 hand axe of Ecyuduv {freeze, +Rage MR++ Str-4 Stlth+} (You found it on level 8 of the Dungeon)
  4248 | Bailey   | Entered a bailey
  4273 | Bailey   | Reached ***** piety under Trog
  4288 | Bailey   | Found a bloodstained altar of Trog.
  4440 | D:8      | Found an iron altar of Okawaru.
  4682 | D:8      | Reached XP level 10. HP: 87/90 MP: 12/12
  5071 | D:9      | Received a gift from Trog
  5084 | D:9      | Reached skill level 10 in Axes
  5092 | D:9      | Found a staircase to the Orcish Mines.
  5162 | D:9      | Got an ancient long sword
  5163 | D:9      | Identified the +8 long sword "Cetew" {drain, rElec rPois rC- MR++ Dex+2} (You found it on level 9 of the Dungeon)
  5205 | D:9      | Found a staircase to the Lair.
  5215 | D:9      | Reached skill level 1 in Long Blades
  5218 | D:9      | Received a gift from Trog
  5225 | D:9      | Got a pitted quarterstaff {god gift}
  5226 | D:9      | Identified the +10 quarterstaff of Fury {freeze, rF+} (Trog gifted it to you on level 9 of the Dungeon)
  5503 | D:10     | Entered Level 10 of the Dungeon
  5528 | D:10     | Reached skill level 5 in Evocations
  5564 | D:10     | Noticed a gargoyle
  5571 | D:10     | Killed a gargoyle
  5571 | D:10     | Reached skill level 6 in Staves
  5623 | D:10     | Got a faintly glowing great sword
  5624 | D:10     | Identified the cursed +1 great sword of Stickiness {slice, rN+ MR+} (You found it on level 10 of the Dungeon)
  5980 | D:10     | Noticed a hill giant
  5986 | D:10     | Killed a hill giant
  5986 | D:10     | Reached XP level 11. HP: 99/99 MP: 14/14
  5987 | D:10     | Reached skill level 7 in Staves
  5997 | D:10     | Noticed a hill giant
  6001 | D:10     | Killed a hill giant
  6191 | D:10     | Killed an unseen horror
  6483 | Lair:1   | Entered Level 1 of the Lair of Beasts
  6614 | Lair:1   | Reached skill level 10 in Fighting
  6701 | Lair:1   | Reached skill level 10 in Armour
  6721 | Lair:1   | Reached skill level 8 in Staves
  7678 | Lair:2   | Reached skill level 9 in Staves
  7753 | Lair:2   | Received a gift from Trog
  7952 | Lair:2   | Reached XP level 12. HP: 103/108 MP: 16/16
  8045 | Lair:2   | Reached skill level 10 in Staves
  8336 | Lair:3   | Found a hole to the Spider Nest.
  8360 | Lair:3   | Found a staircase to the Shoals.
  8844 | Lair:3   | Noticed a seven-headed hydra
  8849 | Lair:3   | Killed a seven-headed hydra
  8849 | Lair:3   | Reached skill level 11 in Staves
  9421 | Lair:4   | Reached skill level 5 in Long Blades
  9609 | Lair:4   | Reached skill level 12 in Staves
  9748 | Lair:4   | Noticed an eight-headed hydra
  9754 | Lair:4   | Killed an eight-headed hydra
 10041 | Lair:5   | Noticed a six-headed hydra
 10050 | Lair:5   | Killed a six-headed hydra
 10128 | Lair:5   | Noticed an eight-headed hydra
 10146 | Lair:5   | Reached XP level 13. HP: 37/116 MP: 17/17
 11215 | Lair:6   | Entered Level 6 of the Lair of Beasts
 11287 | Lair:6   | Reached skill level 13 in Staves
 11480 | Lair:6   | Lost mutation: You are partially covered in slimy green scales. (AC +2) [potion of cure mutation]
 11862 | Lair:6   | Received a gift from Trog
 12174 | Lair:6   | Found a staircase to the Slime Pits.
 12449 | Lair:6   | Reached skill level 14 in Staves
 12619 | Lair:6   | Noticed Rupert
 12628 | Lair:6   | Killed Rupert
 12656 | Lair:6   | Noticed a dire elephant
 13108 | Orc:1    | Entered Level 1 of the Orcish Mines
 13136 | Orc:1    | Reached XP level 14. HP: 127/127 MP: 19/19
 13272 | Orc:1    | Reached skill level 15 in Staves
 13293 | Orc:1    | Received a gift from Trog
 13643 | Lair:2   | Got a scorched chain mail
 13654 | Lair:2   | Identified the +1 chain mail of the Bruised Mice {rN+ MP-9 Dex+3 Stlth+} (You found it on level 2 of the Lair of Beasts)
 13774 | Orc:2    | Entered Level 2 of the Orcish Mines
 13774 | Orc:2    | Found a staircase to the Elven Halls.
 13823 | Orc:2    | Found Mifidgh's Weapon Emporium.
 14034 | Orc:2    | Noticed Urug
 14051 | Orc:2    | Killed Urug
 14076 | Orc:2    | Noticed an orc warlord
 14077 | Orc:2    | Found a roughly hewn altar of Beogh.
 14119 | Orc:2    | HP: 2/127 [orc warrior/flail (12)]
 14495 | Orc:2    | Received a gift from Trog
 14504 | Orc:2    | Killed an orc warlord
 14521 | Orc:2    | Found Qoidghado's Book Boutique.
 14534 | Orc:2    | Got a jewelled war axe {god gift}
 14535 | Orc:2    | Identified the +7 war axe "Ujearoukh" {venom, +Rage rElec MR- Stlth+} (Trog gifted it to you on level 2 of the Orcish Mines)
 14540 | Orc:2    | Found Asmer's Antique Armour Boutique.
 14580 | Orc:2    | Found Feanu's General Store.
 14669 | Orc:2    | Bought a pair of embroidered gloves for 126 gold pieces
 14712 | Orc:2    | Found a roughly hewn altar of Beogh.
 14896 | Orc:2    | Found Nuuchezxer's Antique Weapon Boutique.
 15108 | Shoals:1 | Entered Level 1 of the Shoals
 15143 | Shoals:1 | Found Doitarau's General Store.
 15195 | Shoals:1 | Killed from afar by a water nymph

Vault maps used:
D:1:      sevenhm_arrival_forest_fort_small_3
D:3:      first_bread, grunt_pakellas_salt, uniq_grinder
D:4:      okawaru_altar_gauntlet_db, old_standard_altar, temple_doors_a,
          uniq_robin
D:6:      uniq_duvessa
D:7:      grunt_temple_overflow_open, grunt_livestock, uniq_menkaure
D:8:      basic_altar, enter_bailey_2
D:9:      erik_lair_orcish_takeover, david_orc_3
Lair:1:   cheibrodos_lair_caveside_slide, lemuel_fruit_fields
Lair:2:   minmay_hedge_maze, st_stairs_12, minivault_25, beast_lair_carwin_5
Lair:3:   minmay_shoals_entry_beasts, spider_nest_entry_a, grunt_megastairs_2,
          lemuel_fruit_tree
Lair:6:   grunt_lair_end_beastmaster, minmay_slime_entry_oklob_enclosed,
          grunt_forest_stairs_basic, minmay_lair_oklob_bushes, uniq_rupert
Shoals:1: serial_shops, shop, nicolae_shoals_water_shrine
Orc:2:    grunt_orc_cross, basic_altar, serial_shops,
          nicolae_shop_window_shopping
Bailey:   bailey_axe_3, bailey

Skill      XL: |  1  2  3  4  5  6  7  8  9 10 11 12 13 14 |
---------------+-------------------------------------------+-----
Fighting       | 4 5 6 7 8 9 10 11 12 | 12.7
Axes           | 4 5 6 9 10 | 10.3
Dodging        | 4 5 6 7 8 9 |  9.3
Staves         | 2 5 6 9 12 14 15 | 15.7
Armour         | 3 4 6 8 9 10 11 12 | 12.7
Evocations     | 2 4 5 6 7 8 9 |  9.1
Long Blades    | 1 3 5 |  5.0
Stealth        | |  0.1

Action                   |  1- 3 |  4- 6 |  7- 9 | 10-12 | 13-15 || total
-------------------------+-------+-------+-------+-------+-------++-------
Melee: Hand axe          |    87 |    19 |       |       |       ||   106
       Headbutt          |    13 |    14 |    35 |   109 |   153 ||   324
       Lajatang          |       |    50 |    81 |       |       ||   131
       War axe           |       |       |   119 |    70 |    38 ||   227
       Quarterstaff      |       |       |       |   416 |   509 ||   925
       Long sword        |       |       |       |    34 |       ||    34
       Great sword       |       |       |       |     5 |       ||     5
Invok: Berserk           |       |     1 |     4 |     7 |     8 ||    20
Evoke: Wand              |       |       |       |       |     4 ||     4
  Use: Scroll            |       |       |    17 |    17 |    14 ||    48
       Potion            |       |       |     2 |       |     6 ||     8
 Stab: Petrified         |       |       |       |       |     2 ||     2
  Eat: Bread ration      |     1 |       |     1 |     1 |     4 ||     7
       Pizza             |       |       |     3 |     7 |     2 ||    12
       Beef jerky        |       |       |     3 |     1 |       ||     4
       Meat ration       |       |       |     1 |     1 |       ||     2
       Fruit             |       |       |       |     4 |     5 ||     9
Armor: Animal skin       |    14 |       |       |       |       ||    14
       Chain mail        |     8 |    41 |   117 |   254 |   185 ||   605
Dodge: Dodged            |    80 |    74 |   218 |   408 |   343 ||  1123
Block: Other             |       |       |       |    88 |    72 ||   160
       Reflection        |       |       |       |     2 |     4 ||     6
